 Dungeon Crawl Stone Soup version 0.25.1-2-g60ff931df9 (webtiles) character file.

Game seed: 7125580821514882869

105 DogServant the Ruffian (level 4, -9/38 HPs)
             Began as a Naga Transmuter on Oct 18, 2020.
             Was an Initiate of Okawaru.
             Killed by nerve-wracking pain
             ... invoked by Grinder
              (14 damage)
             ... on level 3 of the Dungeon.
             The game lasted 00:05:36 (4302 turns).

DogServant the Ruffian (Naga Transmuter)            Turns: 4302, Time: 00:05:36

Health: -9/38      AC:  2    Str: 13    XL:     4   Next: 83%
Magic:  2/7        EV: 10    Int: 13    God:    Okawaru [......]
Gold:   156        SH:  0    Dex: 12    Spells: 1/7 levels left

rFire    . . .     SeeInvis +     - Unarmed
rCold    . . .     Gourm    .   (no shield)
rNeg     . . .     Faith    .   b - +0 robe
rPois    +         Spirit   .   (no helmet)
rElec    .         Reflect  .   (no cloak)
rCorr    .         Harm     .   (no gloves)
MR       .....                  (no barding)
Stlth    +.........             (no amulet)
HPRegen  0.12/turn              (no ring)
MPRegen  0.10/turn              (no ring)

@: very slow
A: large, see invisible, deformed body, poison resistance, slowness 2, slow
metabolism 1, spit poison 1, AC +1
a: Spit Poison, Renounce Religion


You were on level 3 of the Dungeon.
You worshipped Okawaru.
Okawaru was noncommittal.
You were very hungry.

You visited 1 branch of the dungeon, and saw 4 of its levels.

You collected 156 gold pieces.

Inventory:

Missiles
 a - 17 arrows
 c - 40 poisoned darts (quivered)
Armour
 b - a +0 robe (worn)
Jewellery
 f - an uncursed amulet of guardian spirit {unknown}
Wands
 l - a wand of flame (3)
Scrolls
 g - a scroll of enchant weapon
Comestibles
 d - 8 rations


   Skills:
 - Level 1.0 Fighting
 - Level 1.5 Dodging
 + Level 4.3 Unarmed Combat
 - Level 2.0 Spellcasting
 + Level 3.7 Transmutations


You had one spell level left.
You knew the following spells:

 Your Spells              Type           Power        Failure   Level  Hunger
a - Beastly Appendage     Tmut           ##....       5%          1    ##.....
b - Sticks to Snakes      Tmut           ##......     9%          2    ###....
c - Spider Form           Tmut/Pois      #.........   34%         3    ####...

Your spell library contained the following spells:

 Spells                   Type           Power        Failure   Level  Hunger
 Animate Skeleton         Necr           N/A          26%         1    ##.....
 Apportation              Tloc           #.....       26%         1    ##.....
 Corona                   Hex            #......      26%         1    ##.....
 Summon Small Mammal      Summ           #...         26%         1    ##.....
 Ice Form                 Ice/Tmut       #.......     75%         4    #####..
 Blade Hands              Tmut           ##........   83%         5    ######.


Dungeon Overview and Level Annotations

Branches:
Dungeon (4/15)
 Temple: D:4-7

Altars:
Dithmenos
Okawaru
Qazlal
Sif Muna
Vehumet
Xom
The Shining One

Annotations:
D:3 Grinder
D:4 Sigmund


Innate Abilities, Weirdness & Mutations

You cannot wear boots.
Your serpentine skin is tough. (AC +1)
You have supernaturally acute eyesight. (SInv)
Armour fits poorly on your strangely shaped body.
Your system is resistant to poisons. (rPois)
You cover ground very slowly.
You have a slow metabolism.
You can spit poison.


Message History

You aren't carrying any potions.
Evoke which item? (* to show all) (? for menu, Esc to quit)
Aiming: Throw Flame
Press: ? - help, Shift-Dir - straight line, f/p - Grinder
Aim: Grinder (severely wounded)
The puff of flame misses Grinder.
Evoke which item? (* to show all) (? for menu, Esc to quit)
Aiming: Throw Flame
Press: ? - help, Shift-Dir - straight line, f/p - Grinder
Aim: Grinder (severely wounded)
The puff of flame misses Grinder.
Evoke which item? (* to show all) (? for menu, Esc to quit)
Aiming: Throw Flame
Press: ? - help, Shift-Dir - straight line, f/p - Grinder
Aim: Grinder (severely wounded)
The puff of flame hits Grinder.
Grinder is almost dead.
Grinder gestures at you. Pain shoots through your body!
You die...

#.######.###########.##≈≈≈≈≈
#.# #.........÷...###≈≈≈≈ #.#
############### ##### #.#
#..# #)####### #..§ #.......#
#.## #.#####.# #####.# #.#
#.#############.....# #.#
#....@...5......###.# #.#
################# #.##
##.########## ##### #...
#........<..# ##...###.##
##.########.# ##.....##.#
##...######.## ##.......#.##
#.........÷..# #........#...
#.##.######..# #.........)..
#.##.######..####.#.....#####


You could see Grinder.

Vanquished Creatures
  5 adders
  An ooze (D:1)
  A dart slug (D:2)
  3 leopard geckos (D:2)
  An orc (D:3)
  3 bats
  2 giant cockroaches
  8 goblins
  5 hobgoblins
  A quokka (D:3)
  A ball python (D:2)
  5 frilled lizards
  10 kobolds
  6 rats
52 creatures vanquished.

Notes
Turn   | Place    | Note
-------+----------+-------------------------------------------
     0 | D:1      | DogServant the Naga Transmuter began the quest for the Orb.
     0 | D:1      | Reached XP level 1. HP: 18/18 MP: 3/3
   468 | D:1      | Reached XP level 2. HP: 25/25 MP: 5/5
  1796 | D:2      | Reached XP level 3. HP: 26/31 MP: 4/6
  2416 | D:2      | Learned a level 2 spell: Sticks to Snakes
  2420 | D:2      | Learned a level 3 spell: Spider Form
  2420 | D:2      | Found a shadowy altar of Dithmenos.
  2773 | D:2      | Found a glowing golden altar of the Shining One.
  2853 | D:2      | Reached XP level 4. HP: 38/38 MP: 7/7
  2930 | D:2      | Reached skill level 4 in Unarmed Combat
  3561 | D:3      | Found a stormy altar of Qazlal.
  3603 | D:3      | Noticed a water elemental
  3605 | D:3      | Noticed a fire elemental
  3605 | D:3      | Noticed an earth elemental
  3605 | D:3      | Noticed an air elemental
  3621 | D:3      | Found a radiant altar of Vehumet.
  3736 | D:3      | Noticed Grinder
  3744 | D:3      | Found a shimmering blue altar of Sif Muna.
  3899 | D:4      | Noticed Sigmund
  4127 | D:3      | Found an iron altar of Okawaru.
  4127 | D:3      | Found a shimmering altar of Xom.
  4131 | D:3      | Became a worshipper of Warmaster Okawaru
  4262 | D:3      | Paralysed by Grinder for 3 turns
  4302 | D:3      | Killed from afar by Grinder

Illustrated notes

Levels and vault maps discovered:
D:1:      dpeg_arrival_erosion, layout_loops_ring
D:2:      layout_basic, lemuel_doored_altar, lemuel_round_altar, serial_forest,
          infiniplex_forest_lined_3, infiniplex_forest_clump_C,
          infiniplex_forest_zigzag_1, infiniplex_forest_lined_room_,
          infiniplex_forest_clump_small, infiniplex_forest_clump_small,
          infiniplex_forest_lined_room_, infiniplex_forest_clump_small,
          nrook_mini_vaults
D:3:      layout_loops_ring, led_sif_pool, vehumet_crystals,
          grunt_temple_overflow_open, nicolae_qazlal_style_of_elements,
          first_ration, minmay_statues_item, kennysheep_pointless_box,
          uniq_grinder
D:4:      layout_loops_corners, uniq_edmund, uniq_sigmund, uniq_robin

Skill      XL: |  1  2  3  4 |
---------------+-------------+-----
Transmutations | 3 |  3.7
Unarmed Combat | 4 |  4.3
Fighting       | |  1.0
Dodging        | |  1.5
Spellcasting   | |  2.0

Action                   |  1- 3 |  4- 6 || total
-------------------------+-------+-------++-------
Melee: Unarmed           |   113 |    92 ||   205
       Headbutt          |     4 |    10 ||    14
       Punch             |     2 |     2 ||     4
 Cast: Beastly Appendage |    10 |    11 ||    21
       Sticks to Snakes  |       |     3 ||     3
 Abil: Spit Poison       |     4 |     7 ||    11
Evoke: Wand              |       |     3 ||     3
  Use: Scroll            |     1 |     5 ||     6
       Potion            |       |     2 ||     2
 Stab: Sleeping          |     1 |     2 ||     3
  Eat: Chunk             |     4 |     4 ||     8
Armor: Robe              |    13 |    19 ||    32
Dodge: Dodged            |    74 |    55 ||   129
